 Dungeon Crawl Stone Soup version 0.29.1-15-g9cfb28693d (webtiles) character file.

Game seed: 6912781870312540680

50 croobank the Firebug (level 3, 0/24 HPs)
             Began as a Demonspawn Fire Elementalist on Apr 27, 2023.
             Slain by an adder (4 damage)
             ... on level 2 of the Dungeon.
             The game lasted 00:04:51 (2484 turns).

croobank the Firebug (Demonspawn Fire Elementalist) Turns: 2484, Time: 00:04:51

Health: 0/24       AC:  3    Str:  8    XL:     3   Next: 55%
Magic:  1/6        EV: 12    Int: 18    God:
Gold:   172        SH:  0    Dex: 13    Spells: 0/6 levels left

rFire   + . .      SeeInvis .   s - +2 whip "Ytiug Besch" {flame, rF+ rC+}
rCold   + . .      Faith    .   (no shield)
rNeg    . . .      Spirit   .   g - +0 robe
rPois   .          Reflect  .   (no helmet)
rElec   .          Harm     .   q - +0 cloak
rCorr   .          Rampage  .   (no gloves)
Will    .....                   (no boots)
Stlth   ++........              (no amulet)
HPRegen 0.08/turn               (no ring)
MPRegen 0.10/turn               (no ring)

@: lethally poisoned (0 -> 0)
A: claws 1
a: no special abilities


You were on level 2 of the Dungeon.
You visited 1 branch of the dungeon, and saw 2 of its levels.

You collected 172 gold pieces.

Inventory:

Hand Weapons
 a - a +0 scimitar
 b - a +0 sling
 j - a +0 hand axe
 l - a +0 short sword
 o - a +0 dagger
 s - the +2 whip "Ytiug Besch" (weapon) {flame, rF+ rC+}
   (You found it on level 2 of the Dungeon)

   It burns those it strikes, dealing additional fire damage.
   rF:        It protects you from fire.
   rC:        It protects you from cold.
Missiles
 f - an atropa-tipped dart (quivered)
Armour
 g - a +0 robe (worn)
 q - a +0 cloak (worn)
Scrolls
 e - a scroll of blinking {unknown}
 i - 2 scrolls of immolation {unknown}
 k - a scroll of acquirement {unknown}
 m - 2 scrolls of identify {unknown}
 r - a scroll of enchant armour {unknown}
Potions
 c - a potion of berserk rage {unknown}
 d - 2 potions of lignification {unknown}
 h - 2 potions of brilliance {unknown}
 n - a potion of invisibility {unknown}
 p - a potion of flight {unknown}


   Skills:
 + Level 0.2 Fighting
 - Level 0.3 Long Blades
 * Level 0.0 Maces & Flails
 + Level 2.2 Dodging
 + Level 2.2 Stealth
 + Level 2.3 Spellcasting
 + Level 1.6 Conjurations
 + Level 3.0 Fire Magic


You couldn't memorise any spells.
You knew the following spells:

 Your Spells              Type           Power      Damage    Failure   Level
a - Foxfire               Conj/Fire      40%        2x1d6     7%          1
b - Scorch                Fire           26%        2d6       8%          2
c - Inner Flame           Hex/Fire       7%         N/A       28%         3

Your spell library contained the following spells:

 Spells                   Type           Power      Damage    Failure   Level
 Conjure Flame            Conj/Fire      10%        6-21      21%         3
 Flame Wave               Conj/Fire      10%        2d6       54%         4


Dungeon Overview and Level Annotations

Branches:
Dungeon (2/15)

Altars:


Innate Abilities, Weirdness & Mutations

You have sharp fingernails.


Message History

You don't have enough magic to cast this spell.
Casting: Scorch (safe; 8% risk of failure)
Confirm with . or Enter, or press ? or * to list all spells.
You don't have enough magic to cast this spell.
Casting: Scorch (safe; 8% risk of failure)
Confirm with . or Enter, or press ? or * to list all spells.
Okay, then.
The adder hisses angrily.
You hit the adder. You burn the adder.
The adder is moderately wounded.
The adder bites you.
You are poisoned.
The adder poisons you!
You closely miss the adder.
The adder is moderately wounded.
You feel sick. The adder misses you. The adder bites you.
You are too injured to fight recklessly!
You are too injured to fight recklessly!
Okay, then.
You aren't carrying any items that you can evoke.
Throw: 3 darts (atropa)
Press: ? - help, Q - select action, (/) - cycle Shift-Dir - straight line, f - adder
Aim: an adder (moderately wounded, 35% to hit, chance to blind on hit: 100%)
You throw an atropa-tipped dart.
The atropa-tipped dart misses the adder.
You feel sick. The adder barely misses you.
Throw: 2 darts (atropa)
Press: ? - help, Q - select action, (/) - cycle Shift-Dir - straight line, f/p - adder
Aim: an adder (moderately wounded, 35% to hit, chance to blind on hit: 100%)
You throw an atropa-tipped dart.
The atropa-tipped dart closely misses the adder.
You feel sick. The adder bites you.
You closely miss the adder.
The adder is moderately wounded.
You feel sick. The adder barely misses you. The adder bites you.
* * * LOW HITPOINT WARNING * * *
You hit the adder. You burn the adder.
The adder is almost dead.
You feel sick. The adder bites you.
You die...

#############. .....
#...........#.###....
#.##.#.####.#..(.... #.##.#.#
#.#...... #.##.#.# #.#.....#
#.##.#.# #.#.....# #.##.#.#
#.#..S..# ##.##.#.# #.#.†@..#
.#.##.#.####.#.....#
.#........>..#.....#
.####..#######.....#
....#..........###.##########
............#### .#.<.......
.............# .#.########
.............+ .#.#
.............#######)#


You could see an adder.

Vanquished Creatures
  2 worms (D:2)
  2 dart slugs
  6 bats
  4 endoplasms
  2 giant cockroaches (D:1)
  3 goblins
  4 jackals (D:1)
  A quokka (D:1)
  4 ball pythons (D:1)
  3 frilled lizards (D:1)
  3 kobolds
  6 rats
40 creatures vanquished.

Vanquished Creatures (others)
  53 foxfires
53 creatures vanquished.

Grand Total: 93 creatures vanquished

Notes
Turn   | Place    | Note
-------+----------+-------------------------------------------
     0 | D:1      | croobank the Demonspawn Fire Elementalist began the quest
                  | for the Orb.
     0 | D:1      | Reached XP level 1. HP: 13/13 MP: 3/3
   536 | D:1      | Gained mutation: You have sharp fingernails. [demonic
                  | ancestry]
   536 | D:1      | Reached XP level 2. HP: 19/19 MP: 0/5
   592 | D:1      | Learned a level 2 spell: Scorch
  1761 | D:1      | Reached skill level 3 in Fire Magic
  1881 | D:1      | Reached XP level 3. HP: 24/24 MP: 6/6
  1885 | D:1      | Learned a level 3 spell: Inner Flame
  2323 | D:2      | Identified the +2 whip "Ytiug Besch" {flame, rF+ rC+}
  2484 | D:2      | Slain by an adder

Illustrated notes

Levels and vault maps discovered:
D:1:      lemuel_arrival_broad_hall, layout_loops_corners
D:2:      layout_basic, minmay_misc_feat_five

Skill      XL: |  1  2 |
---------------+-------+-----
Stealth        | 2 |  2.2
Dodging        | 2 |  2.2
Fire Magic     | 3 |  3.0
Fighting       | |  0.2
Long Blades    | |  0.3
Spellcasting   | |  2.3
Conjurations   | |  1.6

Action                   || total
-------------------------++-------
Melee: Unarmed           ||     5
       Dagger            ||    14
       Punch             ||     1
       Whip              ||     9
 Fire: Sling             ||    10
Throw: Dart              ||     2
 Cast: Foxfire           ||    34
       Scorch            ||    26
  Use: Potion            ||     1
 Stab: Sleeping          ||     1
Armor: Robe              ||    17
Dodge: Dodged            ||    43
